 Dungeon Crawl Stone Soup version 0.30-a0-622-gddc90eaa04 (webtiles) character file.

Game seed: 1631345333761943783

14 ragingrage the Shooter (level 2, 0/23 HPs)
             Began as a Draconian Hexslinger on Jan 10, 2023.
             Succumbed to a gnoll's poison
             ... on level 2 of the Dungeon.
             The game lasted 00:01:13 (617 turns).

ragingrage the Shooter (Draconian Hexslinger)        Turns: 617, Time: 00:01:13

Health: 0/23       AC:  4    Str: 12    XL:     2   Next: 31%
Magic:  2/3        EV: 12    Int: 13    God:
Gold:   4          SH:  0    Dex: 11    Spells: 2/3 levels left

rFire   . . .      SeeInvis .    e - +0 short sword (venom)
rCold   . . .      Faith    .    (no shield)
rNeg    . . .      Spirit   .    (body armour unavailable)
rPois   .          Reflect  .    (helmet restricted)
rElec   .          Harm     .    (no cloak)
rCorr   .          Rampage  .    (no gloves)
Will    .....                    (no boots)
Stlth   +                        (no amulet)
HPRegen 0.23/turn                (no ring)
MPRegen 0.08/turn                (no ring)

@: lethally poisoned (0 -> -9)
A: AC +4, unfitting armour, cold-blooded
a: no special abilities


You were on level 2 of the Dungeon.
You visited 1 branch of the dungeon, and saw 2 of its levels.

You collected 4 gold pieces.

Inventory:

Hand Weapons
 a - a +1 sling
 e - a +0 short sword of venom (weapon)
Scrolls
 b - a scroll of poison
 c - a scroll of teleportation {unknown}
 d - a scroll of amnesia {unknown}
 f - a scroll of fear {unknown}
 g - a scroll of blinking {unknown}


   Skills:
 - Level 1.1 Fighting
 + Level 2.7 Ranged Weapons
 - Level 1.7 Dodging
 - Level 1.0 Spellcasting
 - Level 2.6 Hexes


You had 2 spell levels left.
You knew the following spells:

 Your Spells              Type           Power      Damage    Failure   Level
a - Slow                  Hex            28%        N/A       10%         1

Your spell library contained the following spells:

 Spells                   Type           Power      Damage    Failure   Level
 Inner Flame              Hex/Fire       4%         N/A       43%         3
 Portal Projectile        Hex/Tloc       8%         N/A       43%         3
 Cause Fear               Hex            3%         N/A       67%         4


Dungeon Overview and Level Annotations

Branches:
Dungeon (2/15)

Altars:


Innate Abilities, Weirdness & Mutations

Your plain brown scales are hard. (AC +4)
You cannot fit into any form of body armour.
You are cold-blooded and may be slowed by cold attacks.


Message History

You shoot a sling bullet. The sling bullet hits the gnoll.
The gnoll is moderately wounded.
Casting: Slow (safe; 10% risk of failure)
Confirm with . or Enter, or press ? or * to list all spells.
Aiming: Slow (safe; 10% risk of failure)
Press: ? - help, Shift-Dir - straight line, f/p - gnoll
Aim: a gnoll, wielding a +0 whip (moderately wounded, chance to affect: 50%)
The gnoll seems to slow down.
The gnoll hits you from afar with a +0 spear of venom.
You are poisoned.
Casting: Slow (safe; 10% risk of failure)
Confirm with . or Enter, or press ? or * to list all spells.
Okay, then.
Your +0 short sword of venom begins to drip with poison!
e - a +0 short sword of venom (weapon)
You feel sick. The gnoll hits you but does no damage.
You are lethally poisoned!
You hit the gnoll but do no damage.
The gnoll is moderately wounded.
You feel very sick. The gnoll barely misses you. The gnoll closely misses you.
You hit the gnoll. You tail-slap the gnoll.
The gnoll is heavily wounded.
You feel very sick.
The gnoll hits you from afar with a +0 spear of venom.
* * * LOW HITPOINT WARNING * * *
You are more poisoned.
The gnoll closely misses you.
It was a potion of curing.
You feel better.
The gnoll is no longer moving slowly.
The gnoll hits you from afar with a +0 spear of venom.
The gnoll hits you with a +0 whip.
* * * LOW HITPOINT WARNING * * *
You closely miss the gnoll.
Your tail-slap misses the gnoll.
The gnoll is heavily wounded.
The gnoll hits you from afar with a +0 spear of venom.
* * * LOW HITPOINT WARNING * * *
You are lethally poisoned!
The gnoll hits you but does no damage.
You die...

......#.# #.....# ....###.#
#####.# ........# #.# ......>##
#########.# .......#######
#.........# .............##
#.######### ....##.#####..###.#
....##....).#...#.###############
....###.....+...@................
....# ##....#####.####...########
....# #....# #g# ###..## ....#
######


.gg #.....### ##### ..... #.....'.# #......#.....#.## #......#.....#..#
###+####.....##.### ............. You could see 3 gnolls.

Vanquished Creatures
  2 endoplasms (D:1)
  2 giant cockroaches (D:1)
  A goblin (D:1)
  A hobgoblin (D:2)
  A quokka (D:2)
  A ball python (D:2)
  2 frilled lizards
  3 kobolds
13 creatures vanquished.

Notes
Turn   | Place    | Note
-------+----------+-------------------------------------------
     0 | D:1      | ragingrage the Draconian Hexslinger began the quest for the
                  | Orb.
     0 | D:1      | Reached XP level 1. HP: 16/16 MP: 2/2
   284 | D:1      | Reached XP level 2. HP: 23/23 MP: 0/3
   617 | D:2      | Succumbed to a gnoll's poison

Illustrated notes

Levels and vault maps discovered:
D:1:      minmay_arrival_four_loops, layout_loops_ring
D:2:      layout_basic, hellmonk_ecumenical_altar_arch_garden, uniq_sigmund

Skill      XL: |  1 |
---------------+----+-----
Ranged Weapons | 2 |  2.7
Fighting       | |  1.1
Dodging        | |  1.7
Spellcasting   | |  1.0
Hexes          | |  2.6

Action                   || total
-------------------------++-------
Melee: Short sword       ||     3
       Tailslap          ||     1
 Fire: Sling             ||    58
 Cast: Slow              ||     7
  Use: Potion            ||     1
Armor: Skin              ||    25
Dodge: Dodged            ||    53

Table legend: (Time is in decaauts)
 A = Elapsed time spent in this place.
 B = Non-inter-level travel time spent in this place.
 C = Inter-level travel time spent in this place.
 D = Time resting spent in this place.
 E = Time spent auto-exploring this place.
 F = Levels seen in this place.
 G = Mean time per level.
                   A        B        C        D        E       F      G
               +--------+--------+--------+--------+--------+-----+--------+
         Total |    634 |    634 |      0 |     59 |    385 |   2 |  317.0 |
       Dungeon |    634 |    634 |      0 |     59 |    385 |   2 |  317.0 |
               +--------+--------+--------+--------+--------+-----+--------+

Top non-repeatable levels by time:
     D:1: 328 daAuts
     D:2: 306 daAuts
